 Dungeon Crawl Stone Soup version 0.20.1-1-g8b1a95d (webtiles) character file.

57 veneficus the Poker (level 4, -1/33 HPs)
             Began as a Merfolk Skald on Nov 7, 2017.
             Slain by a gnoll
             ... wielding a +0 whip
              (9 damage)
             ... on level 2 of the Dungeon.
             The game lasted 00:02:13 (1426 turns).

veneficus the Poker (Merfolk Skald)                 Turns: 1426, Time: 00:02:13

Health: -1/33      AC:  3    Str: 11    XL:     4   Next: 0%
Magic:  3/7        EV: 11    Int: 12    God:
Gold:   32         SH:  0    Dex: 14    Spells: 2/7 levels left

rFire    . . .     SeeInvis .   a - +0 spear
rCold    . . .     Gourm    .   (no shield)
rNeg     . . .     Faith    .   b - +0 leather armour
rPois    .         Spirit   .   (no helmet)
rElec    .         Reflect  .   (no cloak)
rCorr    .         Harm     .   (no gloves)
MR       .....                  (no boots)
Stlth    +.........             (no amulet)
Regen    0.2/turn               (no ring)
MPRegen  0.1/turn               (no ring)

@: heavily drained
A: change form in water, swift swim, stealthy swim
a: no special abilities


You were on level 2 of the Dungeon.
You were hungry.

You visited 1 branch of the dungeon, and saw 2 of its levels.

You collected 32 gold pieces.

Inventory:

Hand Weapons
 a - a +0 spear (weapon)
Armour
 b - a +0 leather armour (worn)
Wands
 h - a wand of scattershot (2/9)
Scrolls
 f - 3 scrolls of remove curse {unknown}
Potions
 e - 2 potions of lignification {unknown}
 g - a potion of mutation {unknown}
Books
 c - a book of Battle

   Spells                             Type                      Level
   a - Infusion                       Charms                       1
   b - Shroud of Golubria             Charms/Translocation         2
   c - Song of Slaying                Charms                       2
   d - Spectral Weapon                Hexes/Charms                 3
   e - Regeneration                   Charms/Necromancy            3
Comestibles
 d - 2 bread rations


   Skills:
 - Level 2.1(0.9) Fighting
 * Level 5.0(3.7) Polearms
 - Level 0.6(0.0) Armour
 - Level 2.6(1.4) Dodging
 - Level 2.0(0.7) Spellcasting
 + Level 4.0(2.7) Charms
 + Level 0.4(0.0) Translocations


You had 2 spell levels left.
You knew the following spells:

 Your Spells              Type           Power        Failure   Level  Hunger
a - Infusion              Chrm           #...         13%         1    ##.....
b - Shroud of Golubria    Chrm/Tloc      #.........   34%         2    ###....
c - Song of Slaying       Chrm           #.......     21%         2    ###....


Dungeon Overview and Level Annotations

Branches:
Dungeon (2/15)

Altars:


Message History

You hit the gnoll. The gnoll closely misses you.
You barely miss the gnoll. The gnoll hits you but does no damage.
You completely miss the gnoll.
Warning x2: The gnoll can hit for moderate damage in melee, and throws nets! x2
You hit the gnoll.
You kill the gnoll!
Your base Polearms skill increases to level 5!
You have reached level 4!
You regained 2 hp, and now have 8/33 hp.
Attack whom?
Aim: a gnoll, wielding a whip You closely miss the gnoll.
The gnoll misses you.
Spoiler Alert: The gnoll can hit for moderate damage in melee, and throws nets!
Attack whom?
Aim: a gnoll, wielding a whip You barely miss the gnoll.
The gnoll closely misses you.
Attack whom?
Aim: a gnoll, wielding a whip You barely miss the gnoll.
The gnoll hits you with a whip!
You die...

#........#
#######g.# #..##
#...# ###.#.# ###
#...#.# ..#
#.###.. #.# #g#
#.# #.# ####@## ..
#.#.# #.....# .#
#.#.# #.##..####
#.#.#.# #........#
#.#.#.##########.#
#.#.#........###.#
#.#..............#
#.##....####.#####
#.##.##......#


You could see a gnoll.

Vanquished Creatures
  3 gnolls (D:2)
  2 worms (D:2)
  A ball python (D:1)
  2 bats (D:1)
  3 hobgoblins (D:1)
  2 kobolds (D:1)
  3 frilled lizards
  4 goblins (D:1)
  3 rats
23 creatures vanquished.

Notes
Turn   | Place    | Note
-------+----------+-------------------------------------------
     0 | D:1      | veneficus the Merfolk Skald began the quest for the Orb.
     0 | D:1      | Reached XP level 1. HP: 16/16 MP: 3/3
   111 | D:1      | Reached XP level 2. HP: 22/22 MP: 1/5
   193 | D:1      | Reached skill level 4 in Polearms
   545 | D:1      | Learned a level 2 spell: Shroud of Golubria
   548 | D:1      | Learned a level 2 spell: Song of Slaying
  1143 | D:2      | Reached XP level 3. HP: 10/27 MP: 0/6
  1423 | D:2      | Reached skill level 5 in Polearms
  1423 | D:2      | Reached XP level 4. HP: 7/33 MP: 3/7
  1426 | D:2      | Slain by a gnoll

Skill      XL: |  1  2  3 |
---------------+----------+-----
Polearms       | 4 5 |  5.0
Charms         | 4 |  4.0
Fighting       | |  2.1
Armour         | |  0.6
Dodging        | |  2.6
Spellcasting   | |  2.0
Translocations | |  0.4

Action                   |  1- 3 |  4- 6 || total
-------------------------+-------+-------++-------
Melee: Spear             |   109 |     3 ||   112
 Cast: Infusion          |     4 |       ||     4
       Shroud of Golubri |     1 |       ||     1
 Stab: Sleeping          |     2 |       ||     2
  Eat: Chunk             |     1 |       ||     1
Armor: Leather armour    |     6 |       ||     6
Dodge: Dodged            |    33 |     2 ||    35
